 Dungeon Crawl Stone Soup version 0.30-a0-578-gdee14c521f (webtiles) character file.

Game seed: 4830674818538832352

11041 gruber the Frost Mage (level 11, -3/81 (83) HPs)
             Began as a Gnoll Ice Elementalist on Dec 29, 2022.
             Was an Initiate of Gozag.
             Slain by Snorg (18 damage)
             ... on level 10 of the Dungeon on Dec 31, 2022.
             The game lasted 00:16:36 (9512 turns).

gruber the Frost Mage (Gnoll Ice Elementalist)      Turns: 9512, Time: 00:16:37

HP:   -3/81 (83)    AC: 17    Str:  7    XL:     11   Next: 71%
MP:   23/23         EV: 15    Int: 23    God:    Gozag
Gold: 614           SH:  0    Dex: 16    Spells: 18/27 levels left

rFire   . . .      SeeInvis .    D - +12 whip of Darkness {flame, rElec rPois}
rCold   . . .      Faith    .    (no shield)
rNeg    . . .      Spirit   .    z - +1 scale mail "Ahodghoz" {rPois Regen+ Dex+4}
rPois   +          Reflect  .    I - +2 helmet {Int+3}
rElec   +          Harm     .    u - +0 cloak
rCorr   .          Rampage  .    M - +1 pair of gloves {hurl}
Will    .....                    g - +0 pair of boots
Stlth   +++                      m - amulet of magic regeneration
HPRegen 1.13/turn                h - +5 ring of evasion
MPRegen 0.58/turn                (no ring)

@: studying Translocations, lightly drained
A: fangs 1, strong nose, distributed training
a: Renounce Religion, Potion Petition, Call Merchant, Bribe Branch


You were on level 10 of the Dungeon.
You worshipped Gozag.
Gozag was pleased with you.
You visited 2 branches of the dungeon, and saw 11 of its levels.

You collected 1294 gold pieces.
You spent 556 gold pieces at shops.
You paid 124 gold pieces to Gozag.

Inventory:

Hand Weapons
 D - the +12 whip of Darkness (weapon) {flame, rElec rPois}
   (You found it on level 5 of the Dungeon)

   It burns those it strikes, dealing additional fire damage.
   rElec:     It insulates you from electricity.
   rPois:     It protects you from poison.
Missiles
 w - 3 throwing nets
 F - 3 curare-tipped darts
Armour
 g - a +0 pair of boots (worn)
 u - a +0 cloak (worn)
 z - the +1 scale mail "Ahodghoz" (worn) {rPois Regen+ Dex+4}
   (You found it on level 4 of the Dungeon)

   Dex:       It affects your dexterity (+4).
   rPois:     It protects you from poison.
   Regen:     It increases your rate of health regeneration.
 I - a +2 helmet of intelligence (worn)
 M - a +1 pair of gloves of hurling (worn)
Jewellery
 h - a +5 ring of evasion (left hand)
 m - an amulet of magic regeneration (around neck)
 o - a ring of ice
 E - an amulet of the acrobat
Wands
 s - a wand of polymorph (6)
 G - a wand of roots (1)
 H - a wand of charming (9)
 K - a wand of flame (19)
 L - a wand of quicksilver (5)
Scrolls
 j - 4 scrolls of enchant armour {unknown}
 l - 3 scrolls of fear {unknown}
 n - 2 scrolls of enchant weapon {unknown}
 p - 2 scrolls of immolation {unknown}
 q - 4 scrolls of blinking
 t - 3 scrolls of noise {unknown}
 x - a scroll of magic mapping {unknown}
 y - 7 scrolls of teleportation
 J - 2 scrolls of vulnerability {unknown}
Potions
 a - a potion of might
 b - 4 potions of magic
 c - a potion of berserk rage
 d - a potion of attraction
 e - 3 potions of lignification
 i - 4 potions of curing
 r - 2 potions of heal wounds
 v - 2 potions of resistance
 B - a potion of haste
 C - 3 potions of brilliance
 N - a potion of ambrosia {unknown}


   Skills:
 + Level 6.8 Fighting
 + Level 6.8 Short Blades
 + Level 6.8 Long Blades
 + Level 6.8 Axes
 + Level 6.8 Maces & Flails
 + Level 6.8 Polearms
 + Level 6.8 Staves
 + Level 6.8 Ranged Weapons
 + Level 6.8 Throwing
 + Level 6.8 Armour
 + Level 8.3 Dodging
 + Level 8.1 Stealth
 + Level 6.8 Shields
 + Level 6.8 Unarmed Combat
 + Level 8.5 Spellcasting
 + Level 5.6 Conjurations
 + Level 5.6 Hexes
 + Level 5.6 Summonings
 + Level 5.6 Necromancy
 + Level 7.2 Translocations
 + Level 5.6 Transmutations
 + Level 5.6 Fire Magic
 + Level 9.2 Ice Magic
 + Level 5.6 Air Magic
 + Level 5.6 Earth Magic
 + Level 5.6 Poison Magic
 + Level 7.4 Invocations
 + Level 6.8 Evocations


You had 18 spell levels left.
You knew the following spells:

 Your Spells              Type           Power      Damage    Failure   Level
a - Freeze                Ice            100%       1d10      1%          1
b - Frozen Ramparts       Ice            100%       1d16      4%          3
c - Ozocubu's Armour      Ice            51%        N/A       4%          3
d - Cigotuvi's Dreadful   Necr/Pois/Air  70%        N/A       9%          2

Your spell library contained the following spells:

 Spells                   Type           Power      Damage    Failure   Level
 Magic Dart               Conj           100%       1d8       6%          1
 Summon Small Mammal      Summ           100%       N/A       6%          1
 Call Imp                 Summ           35%        N/A       9%          2
 Poisonous Vapours        Pois/Air       70%        N/A       9%          2
 Call Canine Familiar     Summ           35%        N/A       17%         3
 Mephitic Cloud           Conj/Pois/Air  35%        N/A       17%         3
 Summon Guardian Golem    Hex/Summ       35%        N/A       17%         3
 Summon Ice Beast         Ice/Summ       44%        N/A       28%         4


Dungeon Overview and Level Annotations

Branches:
Dungeon (10/15)            Temple (1/1) D:7            Lair (0/5) D:9
    Orc (0/2) D:9

Altars:
Cheibriados
Dithmenos
Elyvilon
Gozag
Makhleb
Nemelex Xobeh
Okawaru
Qazlal
Trog
Vehumet
Zin
The Shining One

Shops:
D:8 [[*([

Annotations:
D:5 2 transporters, Athor's ghost, novice FoFi
D:10 Snorg


Innate Abilities, Weirdness & Mutations

You have very sharp teeth.
Your uncanny sense of smell can sniff out nearby items.
Your experience applies equally to all skills.


Message History

You kill the orc wizard!
You feel yourself speed up.
The orc is no longer distracted by gold.
The orc is distracted by your dazzling golden aura.
Snorg the Insatiable comes into view.
Items here: $ )) [[.
The orc shouts!
You hit the orc but do no damage.
The orc is no longer distracted by gold.
You bite the orc, but do no damage. The orc hits you with a +0 dagger.
You whack the orc! You burn the orc.
You kill the orc!
You whack the orc! You burn the orc.
You kill the orc!
Items here: $ )) [[.
You barely miss Snorg. Snorg closely misses you. Snorg claws you.
Snorg claws you but does no damage.
You closely miss Snorg. Snorg bites you but does no damage.
Snorg claws you but does no damage. Snorg barely misses you.
You whack Snorg! You burn Snorg. Your bite misses Snorg.
Snorg is lightly wounded.
Snorg goes berserk!
You hit Snorg. You burn Snorg. Your bite misses Snorg.
Snorg is lightly wounded.
Snorg barely misses you. Snorg closely misses you. Snorg claws you!
You whack Snorg! You burn Snorg.
Snorg is moderately wounded.
Snorg misses you. Snorg claws you! Snorg claws you but does no damage.
You closely miss Snorg.
Snorg is moderately wounded.
Snorg bites you! Snorg closely misses you. Snorg claws you.
You whack Snorg! You burn Snorg. You punch Snorg.
Snorg is heavily wounded.
Snorg bites you!!
* * * LOW HITPOINT WARNING * * *
Snorg claws you.
* * * LOW HITPOINT WARNING * * *
Snorg barely misses you. Snorg bites you!!
You die...
Your body crumbles into a pile of gold.

#..# #.# #........... #..#
#.# #........... #..# #.#
#........... #..# #.#
#........... #$.# #.#
#........... #..# #.#
#........... ###..# #$#
#........... #...?#####$#
#...........
#+#.......@#####...........
#.......T................
#.<...(..................
#........####............ ∆
+...<....# ...........
#...$....# .........
#........# #........#
#.......>#


You could see Snorg (berserk).

Vanquished Creatures
  3 two-headed ogres
  Erica (D:9)
  3 death yaks (D:9)
  A cyclops (D:10)
  A kobold demonologist (D:8)
  A hornet (D:9)
  Sigmund (D:2)
  A wraith (D:10)
  3 yaks (D:9)
  2 wyverns
  2 water moccasins
  An ice beast (D:8)
  Duvessa (D:5)
  5 orc warriors (D:9)
  A black bear (D:5)
  3 ogres
  A sky beast (D:7)
  3 centaurs
  3 phantoms
  11 kobold brigands
  4 bullfrogs
  A gnoll sergeant (D:3)
  A necrophage (D:6)
  2 scorpions
  11 wights
  Dowan (D:5)
  3 howler monkeys
  8 hounds
  3 gnoll boudas
  4 orc priests
  A hell rat (D:9)
  2 iguanas
  6 orc wizards
  50 gnolls
  5 adders
  A river rat (D:9)
  A white imp (D:6)
  A worm (D:5)
  38 orcs
  3 ball pythons
  4 endoplasms
  3 giant cockroaches
  7 goblins
  8 hobgoblins
  17 jackals
  10 kobolds
  4 quokkas
  8 bats
  7 frilled lizards
  5 rats
267 creatures vanquished.

Vanquished Creatures (others)
  7 fungi (D:4)
  7 plants
14 creatures vanquished.

Grand Total: 281 creatures vanquished

Notes
Turn   | Place    | Note
-------+----------+-------------------------------------------
     0 | D:1      | gruber the Gnoll Ice Elementalist began the quest for the
                  | Orb.
     0 | D:1      | Reached XP level 1. HP: 13/13 MP: 6/6
   167 | D:1      | Reached XP level 2. HP: 17/19 MP: 2/7
   664 | D:1      | Reached skill level 5 in Spellcasting
   664 | D:1      | Reached XP level 3. HP: 25/25 MP: 5/9
   795 | D:1      | Learned a level 3 spell: Frozen Ramparts
  1135 | D:2      | Reached skill level 1 in Invocations
  1175 | D:2      | Noticed Sigmund
  1193 | D:2      | Killed Sigmund
  1194 | D:2      | Reached skill level 1 in Fighting
  1194 | D:2      | Reached skill level 1 in Short Blades
  1194 | D:2      | Reached skill level 1 in Long Blades
  1194 | D:2      | Reached skill level 1 in Axes
  1194 | D:2      | Reached skill level 1 in Maces & Flails
  1194 | D:2      | Reached skill level 1 in Polearms
  1194 | D:2      | Reached skill level 1 in Staves
  1194 | D:2      | Reached skill level 1 in Ranged Weapons
  1194 | D:2      | Reached skill level 1 in Throwing
  1194 | D:2      | Reached skill level 1 in Armour
  1194 | D:2      | Reached skill level 1 in Shields
  1194 | D:2      | Reached skill level 1 in Unarmed Combat
  1194 | D:2      | Reached skill level 1 in Conjurations
  1194 | D:2      | Reached skill level 1 in Hexes
  1194 | D:2      | Reached skill level 1 in Summonings
  1194 | D:2      | Reached skill level 1 in Necromancy
  1194 | D:2      | Reached skill level 1 in Translocations
  1194 | D:2      | Reached skill level 1 in Transmutations
  1194 | D:2      | Reached skill level 1 in Fire Magic
  1194 | D:2      | Reached skill level 1 in Air Magic
  1194 | D:2      | Reached skill level 1 in Earth Magic
  1194 | D:2      | Reached skill level 1 in Poison Magic
  1194 | D:2      | Reached skill level 1 in Evocations
  1194 | D:2      | Reached XP level 4. HP: 9/33 MP: 4/11
  1194 | D:2      | Reached XP level 5. HP: 11/38 MP: 4/12
  1567 | D:2      | Upgraded the game from 0.30-a0-570-g486de37d69 to
                  | 0.30-a0-578-gdee14c521f
  1748 | D:3      | Learned a level 3 spell: Ozocubu's Armour
  1859 | D:3      | Reached XP level 6. HP: 43/44 MP: 10/13
  1902 | D:3      | Reached skill level 5 in Dodging
  2215 | D:3      | Reached XP level 7. HP: 46/51 MP: 5/15
  2363 | D:3      | Reached skill level 5 in Stealth
  3073 | D:4      | Reached XP level 8. HP: 58/58 MP: 11/16
  3559 | D:4      | Identified the +1 scale mail "Ahodghoz" {rPois Regen+
                  | Dex+4}
  4109 | D:5      | Entered Level 5 of the Dungeon
  4327 | D:5      | Noticed Dowan
  4329 | D:5      | Noticed Duvessa
  4364 | D:5      | Killed Dowan
  4369 | D:5      | Killed Duvessa
  4378 | D:5      | Noticed Athor's ghost (novice FoFi)
  4379 | D:5      | Found a transporter.
  4379 | D:5      | Found a transporter.
  4382 | D:5      | Identified the +1 giant spiked club of the Beast {heavy,
                  | rC+}
  4425 | D:5      | Identified the +12 whip of Darkness {flame, rElec rPois}
  4593 | D:5      | Reached XP level 9. HP: 40/64 MP: 18/18
  4938 | D:6      | Found a glowing silver altar of Zin.
  5063 | D:6      | Reached skill level 8 in Ice Magic
  5720 | D:7      | Found a staircase to the Ecumenical Temple.
  5798 | Temple   | Entered the Ecumenical Temple
  5820 | Temple   | Became a worshipper of Gozag Ym Sagoz the Greedy
  5991 | D:7      | Reached skill level 5 in Invocations
  6587 | D:8      | Found Niubles's General Store.
  6589 | D:8      | Found Odidgh's Armour Shop.
  6679 | D:8      | Noticed a two-headed ogre
  6697 | D:8      | Killed a two-headed ogre
  6698 | D:8      | Reached skill level 5 in Fighting
  6698 | D:8      | Reached skill level 5 in Short Blades
  6698 | D:8      | Reached skill level 5 in Long Blades
  6698 | D:8      | Reached skill level 5 in Axes
  6698 | D:8      | Reached skill level 5 in Maces & Flails
  6698 | D:8      | Reached skill level 5 in Polearms
  6698 | D:8      | Reached skill level 5 in Staves
  6698 | D:8      | Reached skill level 5 in Ranged Weapons
  6698 | D:8      | Reached skill level 5 in Throwing
  6698 | D:8      | Reached skill level 5 in Armour
  6698 | D:8      | Reached skill level 5 in Shields
  6698 | D:8      | Reached skill level 5 in Unarmed Combat
  6698 | D:8      | Reached skill level 5 in Translocations
  6698 | D:8      | Reached skill level 5 in Evocations
  6698 | D:8      | Reached XP level 10. HP: 35/74 MP: 17/20
  6741 | D:8      | Found Lyorigen's Armour Boutique.
  6843 | D:8      | Found a bloodstained altar of Trog.
  6907 | D:8      | Found Qogry's Weapon Shoppe.
  6955 | D:8      | Noticed a kobold demonologist
  6967 | D:8      | Killed a kobold demonologist
  7291 | D:8      | Found Komuv's Antique Armour Emporium.
  7465 | D:8      | Bought a +2 helmet of intelligence for 279 gold pieces
  7646 | D:8      | Bought a pair of glowing gloves for 277 gold pieces
  7764 | D:9      | Noticed a two-headed ogre
  7780 | D:9      | Killed a two-headed ogre
  7899 | D:9      | Found a radiant altar of Vehumet.
  7910 | D:9      | Reached skill level 5 in Conjurations
  7910 | D:9      | Reached skill level 5 in Hexes
  7910 | D:9      | Reached skill level 5 in Summonings
  7910 | D:9      | Reached skill level 5 in Necromancy
  7910 | D:9      | Reached skill level 5 in Transmutations
  7910 | D:9      | Reached skill level 5 in Fire Magic
  7910 | D:9      | Reached skill level 5 in Air Magic
  7910 | D:9      | Reached skill level 5 in Earth Magic
  7910 | D:9      | Reached skill level 5 in Poison Magic
  7919 | D:9      | Found a white marble altar of Elyvilon.
  7956 | D:9      | Noticed a death yak
  7957 | D:9      | Noticed a death yak
  7976 | D:9      | Noticed a death yak
  7990 | D:9      | Killed a death yak
  7991 | D:9      | Reached XP level 11. HP: 62/81 MP: 21/23
  8016 | D:9      | Killed a death yak
  8016 | D:9      | Killed a death yak
  8017 | D:9      | Reached skill level 9 in Ice Magic
  8225 | D:9      | Found a staircase to the Orcish Mines.
  8226 | D:9      | Noticed a two-headed ogre
  8241 | D:9      | Killed a two-headed ogre
  8303 | D:9      | Learned a level 2 spell: Cigotuvi's Dreadful Rot
  8434 | D:9      | Found a staircase to the Lair.
  9153 | D:10     | Entered Level 10 of the Dungeon
  9171 | D:10     | Found a sparkling altar of Nemelex Xobeh.
  9187 | D:10     | Noticed a cyclops
  9233 | D:10     | Killed a cyclops
  9290 | D:10     | Noticed Erica
  9369 | D:9      | Killed Erica
  9500 | D:10     | Noticed Snorg
  9512 | D:10     | Slain by Snorg

Illustrated notes

Levels and vault maps discovered:
D:1:      denvon_arrival_waterhouse, layout_loops_ring,
          amcnicky_mini_rare_corridor_liquid, minmay_box_of_dots
D:2:      layout_loops_ring, uniq_sigmund
D:3:      lemuel_castle_with_subvaults [lemuel_castle_interior_carwin_3],
          layout_loops_ring
D:4:      layout_layer_cave, minmay_crystal_water, hangedman_decor_points,
          dreamdust_gnoll_farm
D:5:      layout_gridville, gammafunk_ghost_smash, kennysheep_generic_room_10,
          uniq_duvessa
D:6:      layout_basic, mainiacjoe_overflow_small_starburst,
          hangedman_decor_growths
D:7:      layout_loops_ring, minmay_temple_entry_overgrown,
          serial_bayou_crossing
D:8:      layout_cave_pools, trog_antimagical, serial_shops,
          nicolae_shop_hallway_plus, shop, nicolae_shop_advertising_works
          [nicolae_subvault_shop_adworks], shop, shop, special_room
          [special_room_kobold], corexii_hall_statues_s
D:9:      layout_long_grid, jmf_multi_god_temple, dpeg_lair_monsters,
          david_orc_1_choice
D:10:     layout_long_grid, nemelex_xobeh_ov_fountains_minmay,
          mainiacjoe_overflow_six_doors_small, tgw_fedhas,
          nicolae_overflow_crystal_walls, uniq_snorg, uniq_erica
Temple:   eino_temple_water

Skill      XL: |  1  2  3  4  5  6  7  8  9 10 11 |
---------------+----------------------------------+-----
Spellcasting   | 5 6 7 8 |  8.5
Invocations    | 1 2 3 4 5 6 7 |  7.4
Fighting       | 1 2 3 5 6 |  6.8
Short Blades   | 1 2 3 5 6 |  6.8
Long Blades    | 1 2 3 5 6 |  6.8
Axes           | 1 2 3 5 6 |  6.8
Maces & Flails | 1 2 3 5 6 |  6.8
Polearms       | 1 2 3 5 6 |  6.8
Staves         | 1 2 3 5 6 |  6.8
Ranged Weapons | 1 2 3 5 6 |  6.8
Throwing       | 1 2 3 5 6 |  6.8
Armour         | 1 2 3 5 6 |  6.8
Shields        | 1 2 3 5 6 |  6.8
Unarmed Combat | 1 2 3 5 6 |  6.8
Conjurations   | 1 2 3 4 5 |  5.6
Hexes          | 1 2 3 4 5 |  5.6
Summonings     | 1 2 3 4 5 |  5.6
Necromancy     | 1 2 3 4 5 |  5.6
Translocations | 1 2 3 5 6 7 |  7.2
Transmutations | 1 2 3 4 5 |  5.6
Fire Magic     | 1 2 3 4 5 |  5.6
Air Magic      | 1 2 3 4 5 |  5.6
Earth Magic    | 1 2 3 4 5 |  5.6
Poison Magic   | 1 2 3 4 5 |  5.6
Evocations     | 1 2 3 5 6 |  6.8
Dodging        | 5 6 7 8 |  8.3
Stealth        | 5 6 7 8 |  8.1
Ice Magic      | 8 9 |  9.2

Action                   |  1- 3 |  4- 6 |  7- 9 | 10-12 || total
-------------------------+-------+-------+-------+-------++-------
Melee: Unarmed           |     8 |     5 |       |       ||    13
       Bite              |     1 |     2 |    35 |    23 ||    61
       Dagger            |       |    26 |   161 |       ||   187
       Punch             |       |     1 |    12 |     7 ||    20
       Whip              |       |       |   130 |   189 ||   319
Throw: Dart              |       |       |     1 |     1 ||     2
 Cast: Freeze            |    36 |    38 |    44 |       ||   118
       Frozen Ramparts   |     2 |     5 |    20 |    17 ||    44
       Ozocubu's Armour  |       |     2 |    14 |    16 ||    32
       Cigotuvi's Dreadf |       |       |       |     2 ||     2
Evoke: Wand              |       |       |       |     4 ||     4
  Use: Scroll            |       |       |       |     9 ||     9
       Potion            |       |       |       |     1 ||     1
 Stab: Distracted        |       |     1 |     3 |       ||     4
       Sleeping          |       |       |     6 |     1 ||     7
Armor: Robe              |    10 |    11 |    16 |       ||    37
       Scale mail        |       |       |    87 |    65 ||   152
Dodge: Dodged            |    43 |    79 |   238 |   133 ||   493

Table legend: (Time is in decaauts)
 A = Elapsed time spent in this place.
 B = Non-inter-level travel time spent in this place.
 C = Inter-level travel time spent in this place.
 D = Time resting spent in this place.
 E = Time spent auto-exploring this place.
 F = Levels seen in this place.
 G = Mean time per level.
                   A        B        C        D        E       F      G
               +--------+--------+--------+--------+--------+-----+--------+
         Total |   9473 |   9218 |    255 |     61 |   7278 |  11 |  861.2 |
       Dungeon |   9433 |   9196 |    237 |     61 |   7273 |  10 |  943.3 |
        Temple |     39 |     22 |     17 |      0 |      5 |   1 |   39.0 |
               +--------+--------+--------+--------+--------+-----+--------+

Top non-repeatable levels by time:
     D:9: 1445 daAuts
     D:3: 1267 daAuts
     D:8: 1166 daAuts
     D:4: 1089 daAuts
     D:1: 1033 daAuts
     D:6: 923 daAuts
     D:7: 819 daAuts
     D:2: 710 daAuts
     D:5: 667 daAuts
    D:10: 311 daAuts
  Temple: 39 daAuts
